 Dungeon Crawl Stone Soup version 0.31-a0-188-g5e087ee2ca (webtiles) character file.

Game seed: 7595854309695068003

265 qw the Skirmisher (level 5, -8/30 HPs)
             Began as a Deep Elf Hunter on June 23, 2023.
             Mangled by a gnoll
             ... wielding a +0 halberd
              (12 damage)
             ... on level 4 of the Dungeon.
             The game lasted 00:01:02 (2463 turns).

qw the Skirmisher (Deep Elf Hunter)                 Turns: 2463, Time: 00:01:02

Health: -8/30      AC:  6    Str: 10    XL:     5   Next: 99%
Magic:  7/7        EV: 11    Int: 14    God:
Gold:   185        SH:  0    Dex: 18    Spells: 4/4 levels left

rFire   . . .        Y - +0 shortbow
rCold   . . .        (shield currently unavailable)
rNeg    . . .        g - +0 ring mail
rPois   .            (no helmet)
rElec   .            b - +0 cloak
rCorr   .            (no gloves)
SInv    .            (no boots)
Will    .....        (no amulet)
Stlth   +            (no ring)
HPRegen 0.25/turn    (no ring)
MPRegen 0.10/turn

%: no passive effects
@: about to teleport
A: no striking features
a: no special abilities


You were on level 4 of the Dungeon.
You visited 1 branch of the dungeon, and saw 4 of its levels.

You collected 185 gold pieces.


   Skills:
 - Level 2.1 Fighting
 + Level 9.3 Ranged Weapons
 - Level 2.4 Dodging
 - Level 1.2 Stealth


You had 4 spell levels left.
You didn't know any spells.
Your spell library was empty.

Inventory:

Hand Weapons
 Y - a +0 shortbow (weapon)
Armour
 b - a +0 cloak (worn)
 g - a +0 ring mail (worn)
Jewellery
 m - a ring of fire
Scrolls
 c - 2 scrolls of identify
 i - a scroll of brand weapon {unknown}
 n - a scroll of fear {unknown}
Potions
 a - a potion of heal wounds
 d - 2 potions of degeneration {unknown}
 e - a potion of brilliance {unknown}
 f - a potion of ambrosia {unknown}
 h - a potion of might {unknown}
 j - a potion of cancellation {unknown}
 k - a potion of mutation {unknown}
 o - a potion of curing {unknown}
 p - a potion of enlightenment

Dungeon Overview and Level Annotations

Branches:
Dungeon (4/15)
 Temple: D:4-7

Altars:
Zin


Message History

You become entangled in the net!
You struggle against the net.
You struggle against the net.
You struggle against the net.
You rip the net and break free!
The kobold hits you with a +0 club.
The gnoll hits you from afar with a +0 spear.
You shoot an arrow. The arrow hits the kobold.
You kill the kobold!
The gnoll hits you from afar with a +0 spear.
The gnoll barely misses you.
You shoot an arrow. The arrow hits the gnoll.
The gnoll is moderately wounded.
The gnoll zaps a wand.
You resist with some effort.
The gnoll hits you from afar with a +0 halberd!
You shoot an arrow.
The arrow hits the gnoll but does no damage.
The gnoll is moderately wounded.
The gnoll barely misses you. The gnoll misses you.
You shoot an arrow. The arrow closely misses the gnoll.
The gnoll zaps a wand.
You resist with some effort. The gnoll barely misses you.
You shoot an arrow.
The arrow hits the gnoll but does no damage.
The gnoll is moderately wounded.
The gnoll closely misses you. The gnoll misses you.
You shoot an arrow. The arrow hits the gnoll.
The gnoll is severely wounded.
The gnoll zaps a wand.
You suddenly lose the ability to move!
The gnoll hits you from afar with a +0 halberd.
The gnoll hits you from afar with a +0 spear.
The gnoll hits you from afar with a +0 halberd!
The gnoll zaps a wand.
You resist with some effort.
The now-empty wand crumbles to dust.
The gnoll hits you but does no damage.
You can move again.
2463 ||| READING scroll of teleportation.
As you read the scroll of teleportation, it crumbles to dust.
You feel strangely unstable. The gnoll misses you.
The gnoll hits you from afar with a +0 halberd!
You die...

#.####...## ####
#.# #.#..# |..#
#.# #....# ##.####
#.####..###
#....#####.......#
####.....#.####.##
#####...# #.#
#.........# #.#
..######..# #@#
...#...)...#
###.#..gg...#
#.#.......#
#.........#
..........#
####.......#
#...)...#


You could see 2 gnolls.

Vanquished Creatures
  An ogre (D:4)
  A hound (D:4)
  A gnoll (D:4)
  6 adders
  2 dart slugs
  A worm (D:3)
  4 orcs (D:2)
  6 endoplasms
  2 giant cockroaches
  6 hobgoblins
  7 jackals (D:1)
  3 quokkas
  6 ball pythons
  7 bats
  3 frilled lizards
  5 goblins
  8 kobolds
  4 rats
73 creatures vanquished.

Notes
Turn   | Place    | Note
-------+----------+-------------------------------------------
     0 | D:1      | qw the Deep Elf Hunter began the quest for the Orb.
     0 | D:1      | Reached XP level 1. HP: 12/12 MP: 3/3
     0 | D:1      | 0 ||| qw: Version: 0.3-a-9-g12657ce
     0 | D:1      | 0 ||| qw: Game counter: 3310
     0 | D:1      | 0 ||| qw: Always use a shield: true
     0 | D:1      | 0 ||| qw: God list: Okawaru
     0 | D:1      | 0 ||| qw: Allow faded altars: false
     0 | D:1      | 0 ||| qw: Do Orc after D:15 true
     0 | D:1      | 0 ||| qw: Do second Lair branch before Depths: true
     0 | D:1      | 0 ||| qw: Lair rune preference: random
     0 | D:1      | 0 ||| qw: Plans: Normal
     0 | D:1      | 0 ||| PLANNING D:1-11
   159 | D:1      | Reached XP level 2. HP: 16/16 MP: 4/4
   175 | D:1      | Reached skill level 6 in Ranged Weapons
   515 | D:1      | 515 ||| UPGRADING to +0 ring mail.
   525 | D:1      | 525 ||| DROPPING +0 leather armour.
   526 | D:1      | 526 ||| READING scroll labelled BISUMU HOGYEPH.
   527 | D:1      | 527 ||| READING scroll labelled VEYTAETIYSCH.
   530 | D:1      | 530 ||| DROPPING scroll of butterflies.
   618 | D:2      | Reached XP level 3. HP: 20/20 MP: 5/5
   718 | D:2      | Reached skill level 7 in Ranged Weapons
   772 | D:2      | Reached XP level 4. HP: 22/25 MP: 6/6
  1392 | D:2      | 1392 ||| READING scroll labelled DUCYSTR CEUFARU.
  1393 | D:2      | 1393 ||| READING scroll labelled LASENL JAME.
  1394 | D:2      | 1394 ||| READING scroll labelled CUBLUKL IWEAKH.
  1395 | D:2      | 1395 ||| DRINKING 3 lumpy golden potions.
  1396 | D:2      | 1396 ||| DROPPING 2 potions of magic.
  1622 | D:3      | Reached skill level 8 in Ranged Weapons
  1780 | D:3      | Found a faded altar of an unknown god.
  2211 | D:3      | Identified the +1 spear of Laceration {freeze, Dex+4}
  2242 | D:3      | 2242 ||| UPGRADING to +0 cloak.
  2247 | D:3      | 2247 ||| READING scroll labelled FIG SEGHESUIM.
  2248 | D:3      | 2248 ||| READING scroll labelled ZUKLOE IMNENT.
  2249 | D:3      | 2249 ||| DRINKING 2 bubbling orange potions.
  2250 | D:3      | 2250 ||| DRINKING 2 fuming grey potions.
  2251 | D:3      | 2251 ||| READING 2 scrolls of identify.
  2251 | D:3      | 2251 ||| IDENTIFYING sapphire potion
  2252 | D:3      | 2252 ||| DROPPING potion of invisibility.
  2283 | D:4      | Found a glowing silver altar of Zin.
  2317 | D:4      | Noticed an ogre
  2323 | D:4      | Killed an ogre
  2324 | D:4      | Reached skill level 9 in Ranged Weapons
  2324 | D:4      | Reached XP level 5. HP: 29/29 MP: 7/7
  2460 | D:4      | Paralysed by a gnoll for 3 turns
  2461 | D:4      | HP: 4/30 [gnoll/+0 halberd (8)]
  2463 | D:4      | 2463 ||| READING scroll of teleportation.
  2463 | D:4      | Mangled by a gnoll

Levels and vault maps discovered:
D:1:      dpeg_arrival_three_smaller_balls, layout_rooms, minmay_pentomino_p4
D:2:      layout_basic, serial_aquarium, aquarium_bridge_square
          [aquarium_subvault_wall, aquarium_subvault_wall,
          aquarium_subvault_bridge, aquarium_subvault_balcony],
          aquarium_bridge_square [aquarium_subvault_bridge,
          aquarium_subvault_wall, aquarium_subvault_window,
          aquarium_subvault_bridge], aquarium_window_2, aquarium_window_1,
          aquarium_view_2c, aquarium_view_2e, nrook_mini_vaults
D:3:      layout_basic, ebering_ecumenical_altar_box, minmay_between
D:4:      layout_rooms, old_standard_altar, gammafunk_ghost_necromancy,
          serial_shops, nicolae_shop_rolled_up

Skill      XL: |  1  2  3  4  5 |
---------------+----------------+-----
Ranged Weapons | 6 7 9 |  9.3
Fighting       | 2 |  2.1
Dodging        | |  2.4
Stealth        | |  1.2

Action                     |  1- 3 |  4- 6 || total
---------------------------+-------+-------++-------
   Fire: Shortbow          |    95 |   123 ||   218
    Use: Scroll            |     2 |     7 ||     9
         Potion            |       |     3 ||     3
 Armour: Leather armour    |     2 |       ||     2
         Ring mail         |     4 |    20 ||    24
  Dodge: Dodged            |    15 |    39 ||    54

Table legend:
 A = Non-vault XP
 B = Vault XP
 C = Vault XP percentage of total XP
 D = Non-vault monster count
 E = Vault monster count
 F = Vault count percentage of total count
                 A         B        C        D         E       F
            +---------+---------+-------+---------+---------+-------
      Total |     353 |      26 |   6.9 |      64 |       9 |  12.3
            +---------+---------+-------+---------+---------+-------
        D:1 |      33 |       4 |  10.8 |      20 |       3 |  13.0
        D:2 |      84 |       0 |   0.0 |      25 |       0 |   0.0
        D:3 |      31 |      22 |  41.5 |      11 |       6 |  35.3
        D:4 |     205 |       0 |   0.0 |       8 |       0 |   0.0
            +---------+---------+-------+---------+---------+-------
